 Dungeon Crawl Stone Soup version 0.20-a0-269-g17f5411 (webtiles) character file.

21 DarthKuruptios2 the Skirmisher (level 2, -2/20 HPs)
             Began as a Gargoyle Berserker on Dec 8, 2016.
             Was a Follower of Trog.
             Killed by nerve-wracking pain
             ... invoked by Jessica
              (5 damage)
             ... on level 2 of the Dungeon.
             The game lasted 00:02:15 (693 turns).

DarthKuruptios2 the Skirmisher (Gargoyle Berserker)  Turns: 693, Time: 00:02:16

Health: -2/20      AC: 11    Str: 20    XL:     2   Next: 87%
Magic:  2/2        EV:  8    Int:  7    God:    Trog [*.....]
Gold:   34         SH:  0    Dex:  9    Spells: 1/1 levels left

rFire  . . .     SeeInvis .     a - +0 mace
rCold  . . .     Gourm    .     j - +0 chain mail (curse)
rNeg   + . .     Faith    .     (no shield)
rPois  ∞         Spirit   .     (no helmet)
rElec  +         Reflect  .     (no cloak)
rCorr  .         Harm     .     (no gloves)
MR     .....                    (no boots)
Stlth  ..........               (no amulet)
                                (no ring)
                                o - ring of stealth

@: exhausted, about to teleport
A: negative energy resistance 1, regeneration 1, electricity resistance,
unbreathing, petrification resistance, rot immunity, AC +2
a: Berserk, Burn Spellbooks, Renounce Religion


You were on level 2 of the Dungeon.
You worshipped Trog.
Trog was aware of your devotion.
You were not hungry.

You visited 1 branch of the dungeon, and saw 2 of its levels.

You collected 34 gold pieces.

Inventory:

Hand Weapons
 a - a +0 mace (weapon)
Missiles
 g - 5 tomahawks (quivered)
Armour
 b - a +0 animal skin
 f - a +0 ring mail
 j - a cursed +0 chain mail (worn)
Jewellery
 o - a ring of stealth (left hand)
Scrolls
 e - a scroll of fear {unknown}
 h - a scroll of enchant armour {unknown}
 k - a scroll of teleportation
 l - a scroll of remove curse {unknown}
 n - a scroll of amnesia {unknown}
 p - a scroll of identify {unknown}
 q - a scroll of noise {unknown}
 s - a scroll of random uselessness {unknown}
 t - a scroll of recharging {unknown}
Comestibles
 c - a bread ration
 i - a meat ration
 r - a chunk of flesh


   Skills:
 * Level 3.8 Fighting
 * Level 3.3 Maces & Flails
 + Level 2.2 Armour
 + Level 1.9 Dodging


You had one spell level left.
You didn't know any spells.

Dungeon Overview and Level Annotations

Branches:
Dungeon (1/15)

Altars:

Annotations:
D:2 Jessica


Innate Abilities, Weirdness & Mutations

You are resistant to torment.
Your stone body is resilient. (AC +2)
You are immune to poison.
You resist negative energy. (rN+)
You are resistant to electric shocks. (rElec)
You can survive without breathing.
You are immune to petrification.
You are immune to rotting.
Your natural rate of healing is unusually fast.


Message History

You hit Jessica but do no damage.
The frilled lizard bites you but does no damage.
Jessica casts a spell at you. Pain shoots through your body!
As you read the scroll labeled QONAR KUYKH, it crumbles to dust.
You feel strangely unstable.
It was a scroll of teleportation.
The frilled lizard closely misses you. Jessica hits you but does no damage.
The frilled lizard bites you but does no damage.
Jessica gestures at you while chanting. Pain shoots through your body!
* * * LOW HITPOINT WARNING * * *
Okay, then.
You aren't carrying any potions.
As you read the scroll labeled NIASOST NOGHI, it crumbles to dust.
The creatures around you are filled with an inner flame!
It was a scroll of immolation.
The frilled lizard bites you.
* * * LOW HITPOINT WARNING * * *
Jessica gestures at you while chanting. Pain shoots through your body!
You die...

#...# #...!
#...# #...# #
#####...######.#
......[........#
........†).....#
......@.@†......
####....l#####.#
#.....# #.....#
#.....# #.....#
##...## #...#


You could see Jessica (inner flame) and a frilled lizard (inner flame).

Vanquished Creatures
  3 worms (D:2)
  A dart slug (D:1)
  2 bats (D:1)
  A goblin (D:1)
  A hobgoblin (D:1)
  3 kobolds
11 creatures vanquished.

Notes
Turn   | Place    | Note
-------+----------+-------------------------------------------
     0 | D:1      | DarthKuruptios2 the Gargoyle Berserker began the quest for the Orb.
     0 | D:1      | Reached XP level 1. HP: 14/14 MP: 1/1
   445 | D:1      | Reached XP level 2. HP: 19/19 MP: 2/2
   658 | D:1      | You fall through a shaft!
   668 | D:2      | Noticed Jessica
   679 | D:2      | Gained mutation: You are partially covered in iridescent scales. (AC +2) [potion of mutation]
   679 | D:2      | Gained mutation: Your natural rate of healing is unusually fast. [potion of mutation]
   679 | D:2      | Lost mutation: You are partially covered in iridescent scales. (AC +2) [potion of mutation]
   693 | D:2      | Killed from afar by Jessica

Vault maps used:
D:1:      minmay_arrival_glassed_features, minivault_23,
          minmay_misc_feat_secret_circle
D:2:      nemelex_lonely_heart_becter, uniq_jessica

Action                   || total
-------------------------++-------
Melee: Mace              ||    47
Invok: Berserk           ||     1
  Use: Scroll            ||     2
       Potion            ||     1
Armor: Ring mail         ||     9
       Chain mail        ||    38
Dodge: Dodged            ||    35
